Map: Simulacrum LE

Players

Serral - Winner!

  • Race: Zerg Zerg
  • Spawn Location: 11:00

Future

  • Race: Terran Terran
  • Spawn Location: 5:00

Event: NationWars 2019

VOD

Have the link to the VOD?

Description

Time

  • Played on: Nov. 30, 2019, 3:36 p.m.
  • Length: 8:18
Show
View Real Time Build Order
Export as new Build Order

Serral Zerg - Winner!

Build Orders: Hatch First 

Get SALT Encoding   

  12  0:00  Drone  
  13  0:12  Overlord  
  13  0:17  Drone  
  14  0:30  Drone x2  
  16  0:48  Hatchery  
  15  0:52  Drone  
  15  0:55  Drone  
  17  0:58  Drone  
  18  1:10  Extractor  
  17  1:14  Spawning Pool  
  17  1:17  Drone  
  17  1:20  Drone  
  18  1:28  Drone  
  19  2:01  Zergling x6  
  21  2:02  Zergling x2  
  21  2:03  Queen x2  
  27  2:16  Overlord  
  27  2:17  Drone  
  28  2:36  Drone x4  
  32  2:37  Metabolic Boost  
  32  2:44  Queen  
  32  2:50  Overlord  
  34  2:55  Overlord  
  34  3:00  Drone x2  
  36  3:12  Drone x3  
  39  3:13  Drone x2  
  41  3:28  Hatchery  
  41  3:29  Drone  
  41  3:32  Drone x2  
  43  3:37  Queen  
  43  3:41  Drone  
  46  3:42  Drone  
  46  3:45  Drone  
  48  3:49  Overlord  
  48  3:51  Pneumatized Carapace  
  48  3:53  Drone  
  49  3:57  Zergling x2  
  49  3:58  Zergling x2  
  49  4:00  Drone  
  51  4:03  Drone  
  51  4:05  Overlord  
  51  4:08  Zergling x2  
  53  4:13  Queen  
  53  4:16  Baneling Nest  
  54  4:20  Zergling x2  
  54  4:21  Drone x3  
  58  4:27  Zergling x2, Extractor  
  58  4:35  Zergling x4  
  58  4:37  Drone x2  
  62  4:41  Queen  
  62  4:42  Overlord  
  62  4:45  Drone x2  
  66  4:49  Lair  
  66  4:52  Queen  
  68  4:58  Drone, Overlord  
  68  4:59  Drone x2  
  71  5:02  Drone x2  
  71  5:04  Spore Crawler  
  71  5:06  Drone  
  73  5:07  Drone  
  73  5:12  Baneling x2  
  73  5:13  Baneling x2  
  73  5:14  Zergling x4  
  76  5:20  Overlord  
  76  5:21  Drone x2  
  78  5:25  Spore Crawler  
  78  5:27  Extractor  
  76  5:28  Zergling x2  
  76  5:29  Drone x2  
  76  5:30  Drone x2  
  76  5:35  Overlord  
  81  5:37  Zergling x2, Extractor  
  81  5:38  Drone x2  
  81  5:41  Queen  
  85  5:45  Drone  
  85  5:46  Drone  
  87  5:50  Drone x2  
  87  5:55  Queen x2  
  88  6:04  Drone x3  
  88  6:05  Drone  
  88  6:07  Drone  
  91  6:11  Drone  
  91  6:14  Drone x3  
  91  6:17  Centrifical Hooks  
  97  6:21  Evolution Chamber x2  
  97  6:23  Overseer, Drone  
  96  6:30  Extractor  
  99  6:38  Drone, Zergling x16  
  102  6:40  Baneling x2  
  102  6:41  Hatchery x2, Baneling x4  
  102  6:45  Zergling x2  
  101  6:56  Overlord  
  101  6:57  Zergling x8  
  105  7:01  Overlord x2  
  105  7:02  Overlord x2  
  105  7:17  Zergling x2, Hydralisk Den  
  105  7:18  Zergling x8  
  105  7:21  Zergling x8  
  113  7:27  Baneling  
  113  7:31  Baneling x3  
  113  7:32  Baneling x10  
  113  7:33  Zergling x2  
  113  7:34  Zergling x6  
  113  7:36  Zergling x2  
  118  7:39  Queen x3  
  118  7:41  Zergling x12  
  131  7:44  Baneling x8  
  131  7:45  Baneling x2  
  131  7:50  Zergling x8  
  135  7:51  Zergling x2  
Show
View Real Time Build Order
Export as new Build Order

Future Terran 

Build Orders: Gas First Reaper Expand, Hellion Opening 

Get SALT Encoding   

  12  0:01  SCV  
  13  0:13  SCV  
  14  0:17  Supply Depot  
  14  0:25  SCV  
  15  0:29  Refinery  
  15  0:39  SCV  
  16  0:45  Barracks  
  16  0:51  SCV  
  17  1:03  SCV  
  18  1:15  SCV  
  19  1:32  Orbital Command, Reaper  
  20  1:47  Command Center  
  20  1:55  Bunker  
  20  2:05  Factory  
  20  2:09  Barracks Reactor  
  20  2:11  SCV  
  21  2:19  Refinery  
  21  2:22  Supply Depot  
  21  2:24  SCV  
  22  2:36  SCV  
  23  2:50  Starport  
  22  2:52  SCV  
  22  2:55  Hellion x2  
  27  3:00  Marine  
  27  3:04  SCV  
  29  3:16  Hellion  
  31  3:22  SCV  
  31  3:23  Hellion  
  31  3:24  Orbital Command  
  34  3:32  Fusion Core  
  34  3:35  SCV  
  34  3:40  Reaper  
  36  3:44  Hellion  
  38  3:49  Hellion  
  38  3:52  SCV  
  38  3:54  SCV  
  42  4:05  Starport Tech Lab  
  42  4:07  SCV x2  
  42  4:09  Supply Depot  
  43  4:15  Marine  
  44  4:19  SCV  
  44  4:20  SCV  
  46  4:25  Supply Depot  
  50  4:31  Hellion x2  
  50  4:33  SCV  
  51  4:43  SCV  
  51  4:45  SCV  
  53  4:46  Battlecruiser  
  53  4:50  Barracks Tech Lab  
  53  4:51  Supply Depot  
  59  4:54  Supply Depot  
  59  4:59  SCV x2  
  61  5:01  Weapon Refit  
  61  5:11  SCV  
  61  5:13  SCV  
  63  5:16  Barracks  
  63  5:17  Factory Reactor  
  63  5:22  Engineering Bay  
  63  5:23  Marine  
  63  5:24  Barracks  
  63  5:26  Stimpack  
  63  5:27  SCV  
  65  5:34  SCV  
  66  5:36  Supply Depot  
  66  5:38  Refinery  
  66  5:39  SCV  
  66  5:40  Marine  
  68  5:46  SCV  
  68  5:49  Supply Depot  
  67  5:50  Terran Infantry Weapons Level 1, Refinery  
  67  5:51  SCV  
  68  5:58  SCV  
  57  6:04  Marine  
  57  6:05  Marine x2  
  57  6:08  SCV  
  57  6:10  SCV  
  58  6:13  Starport Reactor  
  52  6:20  Marine  
  52  6:21  Barracks, Siege Tank, Marine  
  52  6:22  Barracks, Marine x2  
  61  6:27  Marine  
  60  6:33  Supply Depot  
  60  6:35  Supply Depot  
  60  6:38  Marine x2  
  62  6:40  Marine x2  
  62  6:45  Marine  
  65  6:51  Medivac  
  65  6:53  Siege Tank, Medivac  
  72  6:56  Marine x2  
  72  6:58  Supply Depot, Marine x2  
  72  7:00  Supply Depot  
  76  7:09  Marine x3  
  76  7:14  Marine x2  
  81  7:16  Marine x2  
  81  7:21  Supply Depot  
  83  7:25  Siege Tank  
  83  7:27  Marine x3  
  83  7:28  Medivac  
  83  7:29  Medivac  
  93  7:32  Marine x2  
  93  7:34  Marine x2  
  97  7:44  Marine  
  97  7:45  Marine x2  
  97  7:49  Marine  
  97  7:50  Marine  
  102  7:51  Marine  
  102  7:52  Marine  
Tags
 
Add a new tag
Caveats
  • Supply blocks, unpowered buildings, or Contaminate may cause inaccurate times.
  • Supply counts are checked every 10 seconds.